 Dungeon Crawl Stone Soup version 0.30-a0-1161-g0704695555 (webtiles) character file.

Game seed: 5374826934552643644

2110912 juan097 the Slayer (level 27, 269/269 HPs)
             Began as a Minotaur Berserker on Apr 26, 2023.
             Was the Champion of Trog.
             Escaped with the Orb
             ... and 4 runes on Apr 27, 2023!
             The game lasted 05:12:10 (83530 turns).

juan097 the Slayer (Minotaur Berserker)            Turns: 83530, Time: 05:12:11

Health: 269/269    AC: 44    Str: 36    XL:     27
Magic:  22/22      EV: 24    Int:  5    God:    Trog [******]
Gold:   5508       SH: 17    Dex: 14    Spells: 26/26 levels left

rFire   + + +        a - +9 broad axe (heavy)
rCold   + + .        o - +2 shield of Resistance {rF++ rC++ Will++}
rNeg    + . .        C - +10 pearl dragon scales
rPois   +            r - +2 hat {Will+}
rElec   +            t - +2 cloak {rPois}
rCorr   .            x - +2 pair of gloves {Str+3}
SInv    +            i - +1 pair of boots of Subjectivity {Will+ Slay+5}
Will    +++++        G - amulet of the Air {Inacc Air Fly rElec RMsl}
Stlth   +            f - ring "Kasac" {rF+ SInv}
HPRegen 0.64/turn    p - ring of Xom's Best Wishes {rF+ EV+5, =R}
MPRegen 0.18/turn

%: repel missiles
@: flying, studying Staves
A: horns 2, retaliatory headbutt, fire resistance 1, strong 1
0: Orb of Zot
}: 4/15 runes: barnacled, slimy, silver, gossamer
a: Renounce Religion, Berserk, Trog's Hand, Brothers in Arms


You escaped.
You worshipped Trog.
Trog was exalted by your worship.
You visited 10 branches of the dungeon, and saw 52 of its levels.
You also visited: Trove, Ossuary, Bailey, Ice Cave and Desolation.

You collected 10082 gold pieces.
You spent 4574 gold pieces at shops.

Inventory:

Hand Weapons
 a - a +9 heavy broad axe (weapon)
 b - the +9 broad axe "Keumina" {antimagic, Str+2}
   (You bought it in a shop on level 12 of the Dungeon)

   Str:       It affects your strength (+2).
 y - the +8 dagger of Greatest Utility {chaos, +Blink rC+ Int+2 Dex-2}
   (You found it on level 3 of the Vaults)

   Int:       It affects your intelligence (+2).
   Dex:       It affects your dexterity (-2).
   rC:        It protects you from cold.
   +Blink:    It lets you blink.
Missiles
 e - 5 silver javelins
 g - 6 curare-tipped darts
 l - 11 datura-tipped darts
 w - 6 silver boomerangs (quivered)
 I - 12 boomerangs
 L - 10 throwing nets
 O - 6 javelins
Armour
 i - the +1 pair of boots of Subjectivity (worn) {Will+ Slay+5}
   (You found it in the Desolation of Salt)

   Slay:      It affects your accuracy & damage with ranged weapons and melee
   (+5).
   Will:      It increases your willpower.
 o - the +2 shield of Resistance (worn) {rF++ rC++ Will++}
   (You found it on level 3 of the Elven Halls)

   rF:        It greatly protects you from fire.
   rC:        It greatly protects you from cold.
   Will:      It greatly increases your willpower.
 r - a +2 hat of willpower (worn)
 t - a +2 cloak of poison resistance (worn)
 x - a +2 pair of gloves of strength (worn)
 C - +10 pearl dragon scales (worn)
Jewellery
 f - the ring "Kasac" (left hand) {rF+ SInv}
   (You found it on level 5 of the Pits of Slime)

   [ring of protection from fire]

   rF:        It protects you from fire.
   SInv:      It lets you see invisible.
 h - the ring of Niapt {rN+ rCorr}
   (You found it on level 5 of the Pits of Slime)

   [ring of resist corrosion]

   rN:        It protects you from negative energy.
   rCorr:     It protects you from acid and corrosion.
 p - the ring of Xom's Best Wishes (right hand) {rF+ EV+5, =R}
   (You found it in the Desolation of Salt)

   [ring of evasion]

   EV:        It affects your evasion (+5).
   rF:        It protects you from fire.
 G - the amulet of the Air (around neck) {Inacc Air Fly rElec RMsl}
   (You took it off a deep elf archer on level 3 of the Elven Halls)

   [amulet of nothing]

   Inacc:     It reduces the accuracy of your attacks and spells.
   Air:       It enhances your air magic.
   rElec:     It insulates you from electricity.
   Fly:       It grants you flight.
   RMsl:      It protects you from missiles.
 K - the ring "Jifuc" {rPois rC+ AC+4}
   (You bought it in a shop on level 3 of the Vaults)

   [ring of protection]

   AC:        It affects your AC (+4).
   rC:        It protects you from cold.
   rPois:     It protects you from poison.
Wands
 v - a wand of acid (44)
 A - a wand of roots (60)
 U - a wand of digging (31)
Scrolls
 d - 7 scrolls of magic mapping
 m - 32 scrolls of teleportation
 q - 13 scrolls of poison
 s - 15 scrolls of enchant weapon
 z - 11 scrolls of fog
 H - 8 scrolls of fear
 M - 12 scrolls of blinking
 R - 4 scrolls of silence
 X - 2 scrolls of summoning
Potions
 j - 32 potions of curing
 k - 5 potions of resistance
 n - 6 potions of might
 u - 11 potions of cancellation
 B - 8 potions of haste
 J - 7 potions of attraction
 N - 11 potions of ambrosia
 Q - 12 potions of heal wounds
 T - 8 potions of invisibility
Miscellaneous
 c - a phial of floods
 P - a phantom mirror
 Y - a lightning rod (4/4)
 Z - a condenser vane


   Skills:
 + Level 26.2 Fighting
 - Level 19.0 Axes
 - Level 8.0 Ranged Weapons
 - Level 22.0 Throwing
 + Level 24.2 Armour
 + Level 18.2 Dodging
 - Level 12.0 Stealth
 + Level 19.3 Shields
 - Level 8.1 Unarmed Combat
 - Level 16.0 Evocations


You had 26 spell levels left.
You didn't know any spells.
Your spell library contained the following spells:

 Spells                   Type           Power      Damage    Failure   Level
 Necrotise                Necr           0%         1d4       65%         1
 Ensorcelled Hibernation  Hex/Ice        0%         N/A       80%         2
 Frozen Ramparts          Ice            0%         1d1       95%         3
 Ozocubu's Armour         Ice            0%         N/A       95%         3
 Spider Form              Tmut/Pois      0%         N/A       95%         3
 Vampiric Draining        Necr           0%         2d6       95%         3
 Animate Dead             Necr           0%         N/A       100%        4
 Fulminant Prism          Conj/Hex       0%         3d5       100%        4
 Ice Form                 Ice/Tmut       0%         N/A       100%        4
 Sticky Flame             Conj/Fire      0%         2d3       100%        4
 Summon Ice Beast         Ice/Summ       0%         N/A       100%        4
 Blade Hands              Tmut           0%         N/A       100%        5
 Metabolic Englaciation   Hex/Ice        0%         N/A       100%        5
 Eringya's Noxious Bog    Tmut/Pois      0%         N/A       100%        6
 Starburst                Conj/Fire      0%         6d3       100%        6
 Orb of Destruction       Conj           0%         9d5       100%        7
 Death's Door             Necr           0%         N/A       100%        9
 Polar Vortex             Ice            0%         N/A       100%        9


Dungeon Overview and Level Annotations

Branches:
Dungeon (15/15)            Temple (0/1) D:6            Lair (5/5) D:11
 Shoals (4/4) Lair:2       Spider (4/4) Lair:3        Slime (5/5) Lair:4
    Orc (2/2) D:10            Elf (3/3) Orc:2        Vaults (5/5) D:14
  Crypt (0/3) Vaults:2     Depths (4/4) D:15            Zot (5/5) Depths:4
Ossuary (visited)          Bailey (visited)           IceCv (visited)
Desolation (visited)

Altars:
Ashenzari
Cheibriados
Elyvilon
Fedhas
Hepliaklqana
Kikubaaqudgha
Makhleb
Nemelex Xobeh
Okawaru
Ru
Sif Muna
Trog
Vehumet
Xom
Zin
The Shining One
Jiyva

Shops:
D:11 *   D:12 (   Orc:2 *:*(   Elf:1 [[:==   Elf:2 :   Shoals:1 :   Vaults:3 *
Depths:1 *   Depths:4 ?

Portals:
Hell: Depths:1 Depths:2 Depths:3 Depths:4
Abyss: Depths:3
Pandemonium: Depths:2
Ziggurat: Depths:4

Annotations:
Shoals:1 Wosunt's ghost, adept GrWn; hwolsky's ghost, journeyman MiFi; snarfax's ghost, journeyman GrGl
Zot:4 3 transporters


Innate Abilities, Weirdness & Mutations

You have a pair of horns on your head.
You reflexively headbutt those who attack you in melee.
Your flesh is heat resistant. (rF+)
Your muscles are strong. (Str +4, Int/Dex -1)


Message History

(Z) Zot
Where to? (Enter - D:1, ? - help)
Things that are here:
a +0 robe; a +0 club A blizzard demon comes into view.
You throw a silver boomerang.
The silver boomerang hits the blizzard demon!!
The blizzard demon is heavily wounded.
You throw a silver boomerang.
The silver boomerang hits the blizzard demon!!!
You kill the blizzard demon!
Trog accepts your kill.
No target in view!
(D) Dungeon (T) Temple (L) Lair (A) Shoals (N) Spider Nest (M) Slime Pits (O) Orcish Mines (E) Elven Halls (V) Vaults (C) Crypt (U) Depths (H) Hell (Z) Zot
Where to? (Enter - D:1, ? - help)
Things that are here:
2 stones; a +0 spear You see here a +0 halberd.
There is a stone staircase leading up, spattered with blood here.
You fly upwards.
There is a stone staircase leading down here.
You see here a +1 whip of flaming.
There is a stone staircase leading down here.
There is a stone staircase leading up here.
You fly upwards.
There is a stone staircase leading down here.
There is a stone staircase leading up here.
You fly upwards.
There is a stone staircase leading down here.
You see here a staff of conjuration.
There is a stone staircase leading up here.
You fly upwards.
There is a stone staircase leading down here.
You see here a frilled lizard skeleton.
There is an open door here.
There is a staircase leading out of the dungeon here.
You have escaped!

......# #..÷....÷...#.# #.#
#. #####.#
#...........#.###.# #† #.#
#.8..8.8..8.#...#.# #.
#.#####...........#.#.#.# #.
#....##...........#.#.#.# #.
#....##...........#.#.#.####.
#....##...........#.#.#......
#....##...........#.#.#....#.
#...........@.......#........
#.....#...........#.###....#.
#.....#...........#...#....#.
#.....#...........#.#.#....#.
#.....#...........#.#.#....#.
#.....#...........#.#.##.....
#.....#.8..8.8..8.#.#.##.....
#.###.#...........#.#.##.....
#.....#..÷.....÷..#.#..'.....


There were no monsters in sight!

Vanquished Creatures
  the Royal Jelly (Slime:5)
  A dread lich (Zot:5)
  6 ancient liches
  A seraph (D:12)
  3 orbs of fire (Zot:5)
  Mara (Depths:2)
  The ghost of Pet Giop the Slayer, a veteran OgBe of Trog (Zot:1)
  8 Killer Klowns
  Vv (Depths:2)
  2 curse toes
  10 golden dragons
  2 caustic shrikes (Depths:2)
  Nikola (Spider:4)
  Arachne (Spider:4)
  2 bone dragons (Depths:4)
  3 pandemonium lords
  4 electric golems
  2 hellephants (Depths:1)
  21 tentacled monstrosities
  A Hell Sentinel (Zot:4)
  The ghost of turdburglar the Warrior, an adept MiFi of Okawaru (Shoals:1)
  A walking crystal tome (Depths:2)
  8 liches
  Asterion (Spider:1)
  27 Orb Guardians
  3 deep elf blademasters
  2 titans
  24 acid blobs
  2 deep elf master archers (Elf:3)
  A walking frostbound tome (Depths:4)
  5 quicksilver dragons
  A kraken (Shoals:3)
  9 sphinxes
  7 death cobs
  An eldritch tentacle (Depths:3)
  11 shadow dragons
  Agnes (D:14)
  Donald (Spider:1)
  6 azure jellies
  8 tengu reavers
  8 fire giants
  14 storm dragons
  10 draconian monks
  A demonspawn warmonger (Zot:1)
  8 emperor scorpions
  8 draconian knights
  20 vault wardens
  9 rockslimes
  9 frost giants
  6 deep elf sorcerers
  Louise (D:14)
  7 draconian scorchers
  4 angels
  2 iron dragons
  An orc warlord (Vaults:4)
  An imperial myrmidon (Desolation)
  12 draconian shifters
  7 draconian stormcallers
  9 draconian annihilators
  18 ironbound preservers
  12 very ugly things
  16 stone giants
  2 deep elf elementalists (Elf:3)
  5 broodmothers
  10 ironbound thunderhulks
  9 quicksilver oozes
  A spriggan defender (Depths:3)
  A war gargoyle (Vaults:5)
  13 green draconians
  9 deep elf annihilators
  24 black draconians
  3 vampire knights (Depths:3)
  18 dire elephants
  19 yellow draconians
  6 deep elf demonologists
  16 purple draconians
  13 red draconians
  3 halazid warlocks (Desolation)
  14 white draconians
  A lorocyproca (Zot:1)
  A demonspawn black sun (Zot:1)
  14 spark wasps
  3 crystal guardians
  5 deep elf death magi
  3 blizzard demons
  3 green deaths
  2 jiangshi (Depths:2)
  5 merfolk javelineers
  8 merfolk impalers
  15 ettins
  3 ragged hierophants (Desolation)
  10 entropy weavers
  The ghost of kiwi3s the Fighter, a journeyman MiBe of Trog (D:10)
  Josephine (Spider:1)
  4 ice dragons
  12 yaktaur captains
  5 deep elf high priests
  8 fire dragons
  9 great orbs of eyes
  5 servants of whispers (Desolation)
  A rakshasa (Depths:2)
  8 peacekeepers
  10 spriggan air magi
  11 merfolk avatars
  33 vault guards
  6 hydras
  5 jorogumos
  8 ironbound frosthearts
  A catoblepas (Depths:1)
  2 hell beasts
  3 ogre magi
  6 boulder beetles
  19 centaur warriors
  4 radroaches
  An alligator snapping turtle (Shoals:2)
  A death knight (D:15)
  6 tengu warriors
  22 dancing weapons
  8 merfolk aquamancers
  A two-headed ogre (shapeshifter) (Vaults:5)
  6 deep troll earth magi
  14 two-headed ogres
  16 death yaks
  10 deep troll shamans
  8 hell hogs (Depths:1)
  A death scarab (Spider:2)
  2 vampire magi
  6 orc high priests
  Sonja (D:10)
  A shock serpent (Zot:2)
  4 spriggan berserkers
  5 iron trolls
  Nergalle (D:11)
  5 hell knights (Depths:4)
  A skyshark (shapeshifter) (Vaults:5)
  5 skysharks
  A salamander mystic (Depths:1)
  4 sixfirhies (Zot:2)
  A skeletal warrior (D:15)
  26 deep elf knights
  4 sun moths
  8 pharaoh ants
  8 sea snakes
  46 deep trolls
  9 orb spiders
  A flayed ghost (Depths:2)
  A spectral death yak (Lair:5)
  7 glowing orange brains
  Lodul (D:10)
  A spectral anaconda (Lair:5)
  A steelbarb worm (shapeshifter) (Vaults:3)
  A glowing orange brain (shapeshifter) (Vaults:5)
  A swamp dragon (shapeshifter) (Vaults:5)
  A shadow demon (D:8)
  An obsidian statue (Lair:5)
  24 harpies
  21 deep elf archers
  7 lindwurms
  10 steelbarb worms
  13 orc knights
  30 deep elf zephyrmancers
  6 phantasmal warriors
  16 ironbound convokers
  6 wizards
  42 deep elf pyromancers
  6 necromancers
  10 orc sorcerers
  10 wolf spiders
  4 shining eyes
  13 cyclopes
  7 fauns
  A cyclops (shapeshifter) (Vaults:2)
  28 moths of wrath
  2 salamanders (Depths:1)
  21 ugly things
  28 manticores
  9 elephants
  8 water nymphs
  7 merfolk sirens
  A toenail golem (Zot:1)
  16 vault sentinels
  10 torpor snails
  7 black mambas
  5 demonic crawlers
  2 guardian serpents (Desolation)
  5 gargoyles
  An ice statue (IceCv)
  6 eyes of devastation
  An eye of devastation (shapeshifter) (Vaults:5)
  An orange demon (Depths:2)
  13 cane toads
  5 unseen horrors (Elf:2)
  A hellion (Zot:5)
  8 freezing wraiths
  2 yaktaurs (shapeshifter) (D:10)
  A kobold demonologist (D:9)
  14 ice devils (IceCv)
  4 rime drakes
  20 komodo dragons
  25 yaktaurs
  An anaconda simulacrum (IceCv)
  3 tengu conjurers
  A hellwing (D:11)
  2 red devils (Depths:2)
  33 merfolk
  9 trolls
  A tarantella (shapeshifter) (Vaults:5)
  3 polar bears (Lair:5)
  4 meliai (Spider:4)
  5 wind drakes
  20 tarantellas
  4 hornets
  32 saltlings (Desolation)
  17 dream sheep
  2 raiju (Zot:2)
  7 snapping turtles
  14 blink frogs
  5 large abominations (Depths:4)
  Sigmund (D:5)
  A centaur simulacrum (D:14)
  26 jumping spiders
  Eustachio (D:5)
  2 shadows (D:9)
  A spriggan (Depths:3)
  8 wyverns
  21 culicivoras
  4 air elementals
  3 vampires (Vaults:2)
  22 water elementals
  7 wraiths
  3 dire elephant simulacra
  3 basilisks
  2 neqoxecs (D:10)
  68 slime creatures
  6 fire elementals
  2 chaos spawn
  45 yaks
  8 death yak simulacra
  55 redbacks
  2 steam dragons
  Menkaure (D:4)
  2 wargs
  15 vampire mosquitoes
  2 harpy simulacra (IceCv)
  6 hell hounds (Elf:2)
  A floating eye (Depths:4)
  2 acid dragons
  A hydra simulacrum (IceCv)
  11 water moccasins
  A water moccasin (shapeshifter) (Vaults:4)
  A swamp drake (Orc:1)
  25 orc warriors
  4 black bears
  An ice beast (shapeshifter) (D:10)
  A black bear (shapeshifter) (D:14)
  2 elephant zombies (Lair:5)
  An ice beast (D:5)
  11 ogres
  A wolf (shapeshifter) (D:10)
  5 boggarts (D:13)
  2 elephant skeletons (Lair:5)
  13 wolves
  16 centaurs
  A phantom (D:5)
  10 kobold brigands
  14 bullfrogs
  Blork the orc (D:5)
  3 gnoll sergeants
  2 earth elementals
  A scorpion (D:5)
  3 cane toad simulacra
  14 wights
  8 small abominations
  6 elephant simulacra (IceCv)
  5 killer bees (D:9)
  6 electric eels
  A crimson imp (Orc:1)
  7 howler monkeys
  7 hounds
  4 jellies
  15 orc priests
  3 gnoll boudas
  An iron imp (Orc:1)
  2 sleepcaps
  7 iguanas
  17 orc wizards
  5 lightning spires (Zot:2)
  3 spriggan simulacra (IceCv)
  3 polar bear simulacra (IceCv)
  2 wolf simulacra (IceCv)
  8 mummies (Ossuary)
  23 gnolls
  9 adders
  A shadow imp (Orc:1)
  6 white imps
  2 ufetubi
  A dart slug (D:3)
  63 orcs
  2 bats (D:2)
  8 endoplasms
  2 giant cockroaches
  7 goblins
  4 hobgoblins
  26 kobolds
  4 quokkas
  5 ball pythons
  10 frilled lizards
  3 hobgoblin zombies (Ossuary)
  3 kobold zombies (Ossuary)
  2 orc zombies (Ossuary)
  5 rats
  4 ball lightnings (Zot:2)
  A bush (D:13)
  3 tentacles (Shoals:3)
2433 creatures vanquished.

Vanquished Creatures (collateral kills)
  A juggernaut (D:15)
  A curse toe (Zot:3)
  A draconian scorcher (Zot:5)
  A vault warden (Vaults:1)
  A draconian annihilator (Zot:3)
  A quicksilver ooze (Slime:5)
  A green draconian (Zot:5)
  2 white draconians (Zot:3)
  A hydra (Elf:2)
  A vault guard (Vaults:5)
  A moth of wrath (Zot:3)
  A wyvern (Elf:2)
13 creatures vanquished.

Vanquished Creatures (others)
  4 storm dragons
  2 draconian knights (Zot:3)
  A ghost moth (Spider:3)
  A draconian stormcaller (Zot:4)
  A green draconian (Zot:3)
  2 deep elf annihilators
  2 black draconians
  A white draconian (Zot:3)
  A yellow draconian (Zot:3)
  A red draconian (Zot:3)
  A spark wasp (Zot:2)
  An entropy weaver (Spider:4)
  An orc high priest (Elf:3)
  5 deep elf knights
  An orb spider (Spider:4)
  A wizard (Vaults:1)
  2 deep elf pyromancers (Elf:1)
  A deep elf zephyrmancer (Elf:1)
  A wolf spider (Spider:2)
  A manticore (Shoals:4)
  A moth of wrath (Zot:2)
  A meliai (Spider:4)
  A saltling (Desolation)
  A raiju (Zot:2)
  2 water elementals
  An orc wizard (Orc:1)
  2 orcs (D:3)
  A ball lightning (Zot:2)
  52 fungi
  230 plants
  3 tentacles (Shoals:3)
  21 withered plants
347 creatures vanquished.

Grand Total: 2793 creatures vanquished

Notes
Turn   | Place    | Note
-------+----------+-------------------------------------------
     0 | D:1      | juan097 the Minotaur Berserker began the quest for the Orb.
     0 | D:1      | Reached XP level 1. HP: 19/19 MP: 0/0
   274 | D:1      | Reached XP level 2. HP: 27/27 MP: 1/1
   722 | D:2      | Reached skill level 4 in Fighting
   835 | D:2      | Reached XP level 3. HP: 28/33 MP: 2/2
  1493 | D:3      | Reached skill level 5 in Axes
  1502 | D:3      | Noticed a black bear
  1519 | D:3      | Killed a black bear
  1520 | D:3      | Reached skill level 5 in Fighting
  1520 | D:3      | Reached XP level 4. HP: 39/42 MP: 3/3
  1520 | D:3      | Reached XP level 5. HP: 44/48 MP: 4/4
  1611 | D:3      | Found a burning altar of Makhleb.
  2152 | D:3      | Reached XP level 6. HP: 56/56 MP: 5/5
  2152 | D:3      | Reached ** piety under Trog
  2207 | D:3      | Found a radiant altar of Vehumet.
  3195 | D:4      | Found a glowing golden altar of the Shining One.
  3209 | D:4      | Identified the +2 ring mail of Conscience {rPois Dex+3}
  3508 | D:5      | Entered Level 5 of the Dungeon
  3569 | D:5      | Reached skill level 6 in Fighting
  3626 | D:5      | Noticed an ice beast
  3642 | D:5      | Killed an ice beast
  3643 | D:5      | Reached XP level 7. HP: 63/63 MP: 6/6
  3713 | D:5      | Noticed Sigmund
  3761 | D:5      | Noticed Blork the orc
  3761 | D:5      | Noticed Menkaure
  3769 | D:4      | Killed Menkaure
  3770 | D:4      | Reached skill level 1 in Stealth
  3987 | D:5      | Killed Blork the orc
  4028 | D:5      | Killed Sigmund
  4149 | D:5      | Reached XP level 8. HP: 70/71 MP: 7/7
  4313 | D:5      | Found an iron altar of Okawaru.
  4338 | D:5      | Reached skill level 7 in Fighting
  4339 | D:5      | Found a broken altar of Ashenzari.
  4362 | D:5      | Found a blossoming altar of Fedhas.
  4455 | D:5      | Reached *** piety under Trog
  4551 | D:5      | Found a shimmering altar of Xom.
  4552 | D:5      | Found a white marble altar of Elyvilon.
  4552 | D:5      | Found a sacrificial altar of Ru.
  4836 | D:6      | Noticed Eustachio
  4926 | D:6      | Reached skill level 5 in Armour
  5054 | D:5      | Killed Eustachio
  5166 | D:6      | Found a sparkling altar of Nemelex Xobeh.
  5187 | D:6      | Reached skill level 8 in Fighting
  5187 | D:6      | Reached XP level 9. HP: 76/81 MP: 8/8
  5298 | D:6      | Reached skill level 10 in Axes
  5451 | D:6      | Found a staircase to the Ecumenical Temple.
  5455 | D:6      | Identified the staff of earth "Isoczos" {Fly}
  6169 | D:7      | Found a glowing silver altar of Zin.
  6295 | D:7      | Found a bloodstained altar of Trog.
  6295 | D:7      | Found a shimmering blue altar of Sif Muna.
  6295 | D:7      | Found an ancient bone altar of Kikubaaqudgha.
  6741 | D:7      | Reached skill level 5 in Stealth
  6961 | D:8      | Reached **** piety under Trog
  6962 | D:8      | Reached skill level 1 in Evocations
  7015 | D:8      | Found a sand-covered staircase.
  7105 | Ossuary  | Entered an ossuary
  7861 | D:8      | Noticed a two-headed ogre
  8571 | D:9      | Reached XP level 10. HP: 81/88 MP: 9/9
  8580 | D:9      | Found a flagged portal.
  8589 | Bailey   | Entered a bailey
  8741 | Bailey   | Noticed an orc knight
  8756 | Bailey   | Killed an orc knight
  8880 | Bailey   | Reached skill level 5 in Evocations
  8883 | Bailey   | Found a bloodstained altar of Trog.
  9403 | D:9      | Noticed a two-headed ogre
  9408 | D:9      | Killed a two-headed ogre
  9409 | D:9      | Reached skill level 1 in Ranged Weapons
  9857 | D:9      | Noticed a purple ugly thing
  9873 | D:9      | Killed a purple ugly thing
  9883 | D:9      | Reached skill level 5 in Dodging
  9883 | D:9      | Reached XP level 11. HP: 92/95 MP: 10/10
  9900 | D:9      | Reached ***** piety under Trog
 10476 | D:9      | Found a hazy altar of Hepliaklqana.
 10842 | D:10     | Entered Level 10 of the Dungeon
 10842 | D:10     | Found a staircase to the Orcish Mines.
 10868 | D:10     | Noticed a two-headed ogre
 10883 | D:9      | Killed a two-headed ogre
 10884 | D:9      | Reached skill level 9 in Fighting
 11135 | D:10     | Noticed Lodul
 11151 | D:10     | Killed Lodul
 11345 | D:10     | Found a runed translucent gate.
 11345 | D:10     | Found a runed translucent gate.
 11345 | D:10     | Found a runed translucent gate.
 11346 | D:10     | Noticed a brown ugly thing
 11346 | D:10     | Noticed a purple ugly thing
 11346 | D:10     | Noticed a glowing orange brain
 11347 | D:10     | Noticed a white ugly thing
 11347 | D:10     | Noticed a green ugly thing
 11351 | D:10     | a cyclops changed into a steelbarb worm
 11351 | D:10     | Noticed a steelbarb worm (glowing shapeshifter)
 11357 | D:10     | a steelbarb worm changed into a moth of wrath
 11436 | D:10     | Noticed Sonja
 11442 | D:10     | Killed Sonja
 11744 | D:10     | a slime creature changed into an orb spider
 11744 | D:10     | Noticed an orb spider (glowing shapeshifter)
 11748 | D:10     | an orb spider changed into a deep troll
 11748 | D:10     | Noticed a deep troll (glowing shapeshifter)
 11838 | D:8      | Received a gift from Trog
 11992 | D:8      | Found a snail-covered altar of Cheibriados.
 12049 | D:8      | Reached skill level 10 in Fighting
 12458 | D:11     | Found Eleahob's Assorted Antiques.
 12461 | D:11     | Bought an orange potion for 17 gold pieces
 12461 | D:11     | Bought a scroll labelled KATTAR FUICS for 19 gold pieces
 12461 | D:11     | Bought a red potion for 17 gold pieces
 12467 | D:11     | Found a staircase to the Lair.
 12681 | D:11     | Noticed Nergalle
 12702 | D:11     | Killed Nergalle
 12883 | D:11     | Reached XP level 12. HP: 107/107 MP: 11/11
 12984 | D:11     | Noticed a two-headed ogre
 12993 | D:11     | Killed a two-headed ogre
 13126 | D:11     | Noticed a two-headed ogre
 13141 | D:11     | Killed a two-headed ogre
 13398 | Lair:1   | Entered Level 1 of the Lair of Beasts
 13443 | Lair:1   | Identified the +1 long sword of Liff {venom, Dex+4}
 13613 | Lair:1   | Reached skill level 11 in Fighting
 13746 | Lair:1   | Reached skill level 10 in Armour
 14176 | Lair:1   | Noticed a death yak
 14176 | Lair:1   | Noticed a death yak
 14247 | D:11     | Killed a death yak
 14298 | Lair:1   | Killed a death yak
 14299 | Lair:1   | Reached skill level 12 in Fighting
 14890 | Lair:2   | Reached skill level 15 in Axes
 14936 | Lair:2   | Received a gift from Trog
 15337 | Lair:2   | Found a staircase to the Shoals.
 15675 | Lair:2   | Reached skill level 1 in Throwing
 15686 | Lair:2   | Reached XP level 13. HP: 96/118 MP: 12/12
 16143 | Lair:3   | Found a hole to the Spider Nest.
 17015 | Lair:4   | Found a viscous altar of Jiyva.
 17016 | Lair:4   | Found a staircase to the Slime Pits.
 17080 | Lair:4   | Received a gift from Trog
 18452 | Lair:5   | Entered Level 5 of the Lair of Beasts
 18457 | Lair:5   | Reached skill level 13 in Fighting
 18479 | Lair:5   | Found a frozen archway.
 18711 | IceCv    | Entered an ice cave
 18801 | IceCv    | Received a gift from Trog
 18869 | IceCv    | Reached XP level 14. HP: 94/129 MP: 13/13
 19166 | IceCv    | Found an ancient bone altar of Kikubaaqudgha.
 20157 | IceCv    | Reached skill level 5 in Throwing
 20320 | IceCv    | Got the Tome of the Macabre Deep Freeze
 20776 | Lair:5   | Identified the +11 spear "Temipn" {antimagic, Fragile rCorr
                  | SInv Stlth+}
 20847 | Lair:5   | Received a gift from Trog
 21322 | Lair:5   | Reached skill level 14 in Fighting
 21328 | Lair:5   | Reached skill level 10 in Evocations
 22388 | Lair:5   | Identified the +9 whip "Hemauni" {freeze, rF- Will++ Dex+3}
 22389 | Lair:5   | Identified the staff of fire "Silazxa" {rF+ rC+ Str+3}
 22859 | Orc:1    | Entered Level 1 of the Orcish Mines
 22900 | Orc:1    | Reached XP level 15. HP: 117/138 MP: 14/14
 23182 | Orc:2    | Entered Level 2 of the Orcish Mines
 23271 | Orc:2    | Reached ****** piety under Trog
 23293 | Orc:2    | Found a staircase to the Elven Halls.
 23631 | Orc:2    | Received a gift from Trog
 23790 | Orc:2    | Found Xaquav's Assorted Antiques.
 24176 | Orc:2    | Found Hatolliz's General Store.
 24190 | Orc:2    | Bought a red potion for 19 gold pieces
 24193 | Orc:2    | Found Zyqenec's Antique Weapon Emporium.
 24195 | Orc:2    | Found Cilenaklu's Book Shop.
 24896 | D:11     | Bought heavily runed fire dragon scales for 1235 gold
                  | pieces
 24896 | D:11     | Identified the +0 fire dragon scales of Mocuhus {*Corrode
                  | rElec rPois rF++ rC- Stlth-} (You bought it in a shop on
                  | level 11 of the Dungeon)
 24993 | Orc:2    | Bought a potion of heal wounds for 110 gold pieces
 25004 | Orc:2    | Bought a glowing sling for 126 gold pieces
 25033 | Orc:2    | Bought a ring of resist corrosion for 240 gold pieces
 25149 | D:10     | Reached skill level 1 in Shields
 25179 | D:10     | Found a runed translucent gate.
 25179 | D:10     | Found a runed translucent gate.
 25183 | D:10     | Noticed kiwi3s's ghost (journeyman MiBe)
 25185 | D:10     | Found a runed translucent gate.
 25200 | D:10     | Gained mutation: You are weak. (Str -2) [a neqoxec]
 25208 | D:10     | Killed kiwi3s's ghost
 25211 | D:10     | Received a gift from Trog
 25476 | D:12     | You fall into a shaft and drop 1 floor!
 25637 | D:12     | Reached skill level 5 in Shields
 25969 | D:12     | Found Qugohakk's Antique Weapon Emporium.
 25978 | D:12     | Bought a twisted broad axe for 306 gold pieces
 25978 | D:12     | Identified the +2 broad axe of Urgency {flame, rPois Str+2}
                  | (You bought it in a shop on level 12 of the Dungeon)
 25983 | D:12     | Bought a warped broad axe for 306 gold pieces
 25983 | D:12     | Identified the +9 broad axe "Keumina" {antimagic, Str+2}
                  | (You bought it in a shop on level 12 of the Dungeon)
 26879 | D:13     | Found a blossoming altar of Fedhas.
 27152 | D:14     | Noticed Louise
 27167 | D:14     | Killed Louise
 27665 | D:14     | Noticed Agnes
 27668 | D:14     | Killed Agnes
 27903 | D:14     | Received a gift from Trog
 27979 | D:14     | Found a gate to the Vaults.
 27988 | D:14     | Reached skill level 5 in Ranged Weapons
 28307 | D:14     | Found a shimmering blue altar of Sif Muna.
 28572 | D:15     | Entered Level 15 of the Dungeon
 28654 | D:15     | Reached XP level 16. HP: 103/146 MP: 15/15
 29848 | D:15     | Found a staircase to the Depths.
 30070 | Spider:1 | Entered Level 1 of the Spider Nest
 30505 | Spider:1 | Noticed Josephine
 30511 | Spider:1 | Killed Josephine
 30894 | Spider:1 | Noticed Donald
 30908 | Spider:1 | Killed Donald
 31786 | Spider:1 | Noticed Asterion
 31796 | Spider:1 | Killed Asterion
 31796 | Spider:1 | Received a gift from Trog
 33636 | Spider:2 | Reached skill level 15 in Fighting
 33636 | Spider:2 | Reached skill level 15 in Armour
 34106 | Spider:3 | Reached XP level 17. HP: 82/152 MP: 0/16
 34272 | Spider:3 | Reached skill level 10 in Dodging
 34666 | Spider:3 | Received a gift from Trog
 35497 | Spider:4 | Entered Level 4 of the Spider Nest
 35714 | Spider:4 | Reached skill level 16 in Fighting
 36160 | Spider:4 | Noticed Arachne
 36249 | Spider:4 | Noticed Nikola
 36561 | Spider:4 | Killed Arachne
 36682 | Spider:4 | Received a gift from Trog
 36781 | Spider:4 | Killed Nikola
 37480 | Spider:4 | Got a gossamer rune of Zot
 38185 | Shoals:1 | Entered Level 1 of the Shoals
 38260 | Shoals:1 | Found a runed translucent gate.
 38960 | Shoals:1 | Found Kuemy's Book Boutique.
 39117 | Shoals:1 | Reached XP level 18. HP: 138/165 MP: 17/17
 39307 | Shoals:1 | Received a gift from Trog
 39370 | Shoals:1 | Found a runed translucent gate.
 39370 | Shoals:1 | Found a runed translucent gate.
 39371 | Shoals:1 | Noticed hwolsky's ghost (journeyman MiFi)
 39371 | Shoals:1 | Noticed Wosunt's ghost (adept GrWn)
 39371 | Shoals:1 | Noticed turdburglar's ghost (adept MiFi)
 39589 | Shoals:1 | Noticed snarfax's ghost (journeyman GrGl)
 40056 | Shoals:2 | Reached skill level 17 in Fighting
 41238 | Shoals:3 | Received a gift from Trog
 41342 | Shoals:3 | Reached skill level 10 in Throwing
 42092 | Shoals:4 | Entered Level 4 of the Shoals
 42343 | Shoals:4 | Identified the +2 robe "Fyvexa" {rPois rC+ Str+3}
 42702 | Shoals:4 | Received a gift from Trog
 42827 | Shoals:4 | Identified the staff of air "Puotulid" {rElec rPois rF+
                  | Will+ Int+3}
 43887 | Shoals:4 | Reached skill level 18 in Fighting
 43893 | Shoals:4 | Received a gift from Trog
 44117 | Shoals:4 | Got a barnacled rune of Zot
 44315 | Shoals:1 | Killed turdburglar's ghost
 44565 | Vaults:1 | Entered Level 1 of the Vaults
 44574 | Vaults:1 | Reached XP level 19. HP: 172/179 MP: 18/18
 45062 | Vaults:1 | Found a portal to a secret trove of treasure.
 45807 | Vaults:1 | Identified the +0 ring mail of the Sky {SInv}
 45902 | Vaults:1 | Received a gift from Trog
 46760 | Vaults:2 | Found a crumbling gateway.
 46985 | Vaults:2 | Found a glowing silver altar of Zin.
 46985 | Vaults:2 | Found a white marble altar of Elyvilon.
 46985 | Vaults:2 | Found a glowing golden altar of the Shining One.
 47012 | Desolati | Entered the Desolation of Salt
 47322 | Desolati | Identified the +1 pair of boots of Subjectivity {Will+
                  | Slay+5}
 47334 | Desolati | Identified the +3 ring mail "Xaifea" {rN+ Will- Dex+2
                  | Stlth+}
 47610 | Desolati | Received a gift from Trog
 47711 | Desolati | Identified the ring of Xom's Best Wishes {rF+ EV+5}
 47733 | Desolati | Identified the ring of Zin's Grace {rN+ rCorr Str-2 Int-2
                  | Dex+7}
 47735 | Desolati | Identified the +5 spear of Ru {heavy, +Blink Str-3 Int+5
                  | Dex+2}
 48123 | Desolati | Got Cigotuvi's Almanac of the Catacomb and Composition
 48219 | Desolati | Got the Catalogue of the Combative Wendigo
 49019 | Vaults:2 | Found a staircase to the Crypt.
 49276 | Vaults:2 | Reached XP level 20. HP: 176/189 MP: 19/19
 49277 | Vaults:2 | Received a gift from Trog
 49733 | Vaults:2 | You fall into a shaft and drop 1 floor!
 50134 | Vaults:3 | Identified the amulet of Cuwo {Regen+ Int+5}
 50157 | Vaults:3 | Reached skill level 10 in Shields
 50677 | Vaults:3 | Identified the +3 ring mail "Eter" {Str+5}
 50691 | Vaults:3 | Identified the +1 cloak of Piod Fusch {Harm *Slow rCorr
                  | Int+3}
 50720 | Vaults:3 | Identified the +8 dagger of Greatest Utility {chaos, +Blink
                  | rC+ Int+2 Dex-2}
 50806 | Vaults:3 | Received a gift from Trog
 51047 | Vaults:3 | Found Rig Taed's General Store.
 51055 | Vaults:3 | Bought 5 curare-tipped darts for 78 gold pieces
 51057 | Vaults:3 | Bought the ring "Jifuc" {rPois rC+ AC+4} for 704 gold
                  | pieces
 51132 | Vaults:3 | Identified the +8 falchion of Kaaviy Xocir {heavy, rF+
                  | rC+++ MP-9 Int+2}
 51142 | Vaults:3 | Reached skill level 19 in Fighting
 52058 | Vaults:4 | Reached skill level 15 in Evocations
 52146 | Vaults:4 | Identified the +3 sling "Jellyslayer" {speed, rC+ Will+
                  | Int+3 Dex-2}
 52893 | Vaults:4 | Received a gift from Trog
 53444 | Vaults:4 | Reached XP level 21. HP: 186/199 MP: 20/20
 53758 | Vaults:4 | Identified the +3 robe of the Lychee {rElec Str+3 Int+4
                  | Dex-3}
 53904 | Vaults:4 | Reached skill level 10 in Stealth
 54417 | Vaults:4 | Upgraded the game from 0.30-a0-1160-g6e42c06551 to
                  | 0.30-a0-1161-g0704695555
 54928 | Depths:1 | Entered Level 1 of the Depths
 54981 | Depths:1 | Noticed a juggernaut
 55514 | Elf:1    | Entered Level 1 of the Elven Halls
 56049 | Elf:1    | Identified the +7 halberd of the Middle {heavy, Drain
                  | rC+++} (Trog gifted it to you on level 1 of the Elven
                  | Halls)
 56049 | Elf:1    | Received a gift from Trog
 56509 | Elf:1    | Reached skill level 20 in Fighting
 56579 | Elf:1    | Found Tungas's Jewellery Boutique.
 56585 | Elf:1    | Received a gift from Trog
 56759 | Elf:1    | Found Pev Gefyl's Jewellery Emporium.
 56761 | Elf:1    | Found Naefasuv's Book Shoppe.
 56763 | Elf:1    | Found Fiwakem's Armour Emporium.
 56808 | Elf:1    | Found Akone's Armour Emporium.
 58028 | Elf:2    | Received a gift from Trog
 58802 | Elf:2    | Received a gift from Trog
 59063 | Elf:2    | Found Nausimuu's One-of-a-Kind Books.
 59215 | Elf:2    | Identified the +0 robe of the Lute {rPois Str+2 Dex+3}
 59341 | Elf:2    | Found a runed translucent gate.
 59342 | Elf:2    | Found a runed translucent gate.
 59342 | Elf:2    | Found a runed translucent gate.
 59385 | Elf:2    | Reached skill level 15 in Shields
 59389 | Elf:2    | Reached XP level 22. HP: 186/209 MP: 7/21
 59891 | Elf:3    | Entered Level 3 of the Elven Halls
 59930 | Elf:3    | Received a gift from Trog
 60484 | Elf:3    | Paralysed by an air elemental for 1 turns
 60637 | Elf:3    | Identified the +10 dagger of Immorality {antimagic, rPois
                  | rF+ Str+7 Int-2}
 60661 | Elf:3    | Received a gift from Trog
 60920 | Elf:3    | Identified the +9 war axe "Joibbad" {flame, rF+ Str-3
                  | Dex+3}
 60931 | Elf:3    | Identified the staff of cold "Cutes" {rElec rC+ Will+}
 60965 | Elf:3    | Identified the staff of air "Jutyihis" {rElec rF- rCorr
                  | Int+3 Dex+3}
 61089 | Elf:3    | Identified the +1 cloak of Greed {*Corrode Dex+3}
 61090 | Elf:3    | Identified the staff of conjuration "Akhlem" {Contam +Blink
                  | rPois Str+7}
 61109 | Elf:3    | Found the +2 shield of Resistance {rF++ rC++ Will++}
 61534 | Vaults:1 | You paid a toll of +3 shadow dragon scales to enter a
                  | treasure trove
 61535 | Trove    | Entered a treasure trove
 61537 | Trove    | Found the sphere of Battle
 61543 | Trove    | Identified the +2 hat of Fedhas's Pride {Rampage *Corrode
                  | Will- Int+4 Stlth+}
 61548 | Trove    | Identified the +2 pair of gloves "Quolu Nou" {Drain Will+
                  | Regen+}
 61552 | Trove    | Identified the +2 pair of boots "Eruvvus" {Will++ Stlth+}
 61554 | Trove    | Identified the +2 tower shield of Nacokh {Harm Dex+6}
 61559 | Trove    | Identified the scarf of the Cooper {harm, rF+}
 61560 | Trove    | Identified the +0 robe of Experimentation {Harm rPois
                  | Dex+3}
 61561 | Trove    | Identified the +5 scale mail "Zurutooh" {-Tele Drain Str+2
                  | Slay+5}
 61858 | D:15     | Killed a juggernaut
 61915 | Depths:1 | Found a gateway to Hell.
 61944 | Depths:1 | Reached skill level 15 in Throwing
 62059 | Depths:1 | Received a gift from Trog
 62081 | Depths:1 | Reached skill level 21 in Fighting
 62572 | Depths:1 | Found Votwarr's Pet Rocks.
 62861 | Depths:2 | Noticed Vv
 62887 | Depths:2 | Noticed a caustic shrike
 63183 | Depths:2 | Killed Vv
 63391 | Depths:2 | Identified the +3 great sword of the Warrior-Mage {flame,
                  | Contam rC+++ rN+ Will-}
 63393 | Depths:2 | Identified the staff of conjuration "Ruofeol" {rN+++ Int-2
                  | Dex+3 SInv}
 63406 | Depths:2 | Noticed an ancient lich
 63420 | Depths:2 | Killed an ancient lich
 63421 | Depths:2 | Reached skill level 15 in Dodging
 63474 | Depths:2 | Noticed a caustic shrike
 63477 | Depths:2 | Reached XP level 23. HP: 220/221 MP: 8/22
 63478 | Depths:2 | Killed a caustic shrike
 63483 | Depths:2 | Killed a caustic shrike
 63837 | Depths:2 | Identified the +6 war axe of the Ghost {flame, rElec} (Trog
                  | gifted it to you on level 2 of the Depths)
 63837 | Depths:2 | Received a gift from Trog
 63900 | Depths:2 | Noticed Mara
 63909 | Depths:2 | Found a one-way gate leading to the halls of Pandemonium.
 63916 | Depths:2 | Killed Mara
 63999 | Depths:2 | Reached skill level 22 in Fighting
 64771 | Depths:3 | Received a gift from Trog
 64784 | Depths:3 | Found a one-way gate to the infinite horrors of the Abyss.
 65317 | Depths:3 | Identified the +11 dagger of Propriety {freeze, *Corrode
                  | Will+ Str+6}
 65369 | Depths:3 | Found the +8 arc blade {discharge, rElec}
 65502 | Depths:4 | Entered Level 4 of the Depths
 65870 | Depths:4 | Found a one-way gateway to a ziggurat.
 66280 | Depths:4 | Found a gate to the Realm of Zot.
 66295 | Depths:4 | Received a gift from Trog
 66604 | Depths:4 | Reached skill level 23 in Fighting
 67090 | Depths:4 | Found Diutt's Magic Scroll Emporium.
 67100 | Depths:4 | Bought a scroll of enchant armour for 165 gold pieces
 67100 | Depths:4 | Bought a scroll of fog for 88 gold pieces
 67100 | Depths:4 | Bought a scroll of acquirement for 1144 gold pieces
 67102 | Depths:4 | Acquired the +0 hat of the Onion {rPois Int+3}
 67468 | Slime:1  | Entered Level 1 of the Pits of Slime
 67934 | Slime:4  | Gained mutation: You are frail. (-10% HP) [a shining eye]
 68303 | Slime:5  | Entered Level 5 of the Pits of Slime
 68494 | Slime:5  | Reached XP level 24. HP: 195/211 MP: 22/22
 68498 | Slime:5  | Gained mutation: Your body sometimes deteriorates upon
                  | taking damage. [a shining eye]
 68515 | Slime:5  | Noticed the Royal Jelly
 68913 | Slime:5  | Found a viscous altar of Jiyva.
 69008 | Slime:5  | Killed the Royal Jelly
 69008 | Slime:5  | Received a gift from Trog
 69302 | Slime:5  | Got a slimy rune of Zot
 69315 | Slime:5  | Identified the staff of death "Dyetzolu" {rN+ Stlth+}
 69318 | Slime:5  | Identified the +8 battleaxe of Terror {flame, *Rage rF-
                  | Str+8 Int+3 Stlth+}
 69363 | Slime:5  | Identified the ring "Kasac" {rF+ SInv}
 69381 | Slime:5  | Identified the +6 falchion of Zuxkas {vamp, rPois rC+ Will+
                  | Int+2}
 69383 | Slime:5  | Identified the ring of Niapt {rN+ rCorr}
 69402 | Slime:5  | Identified the staff of poison "Apiuxumi" {rPois Dex+3}
 69780 | D:10     | Lost mutation: Your body sometimes deteriorates upon taking
                  | damage. [potion of mutation]
 69780 | D:10     | Lost mutation: You are frail. (-10% HP) [potion of
                  | mutation]
 69780 | D:10     | Lost mutation: You are weak. (Str -2) [potion of mutation]
 69780 | D:10     | Gained mutation: You passively map a small area around you.
                  | [potion of mutation]
 69780 | D:10     | Gained mutation: You have a pair of large horns on your
                  | head. [potion of mutation]
 69780 | D:10     | Gained mutation: Your flesh is heat resistant. (rF+)
                  | [potion of mutation]
 69783 | D:10     | Lost mutation: You have a pair of large horns on your head.
                  | [potion of mutation]
 69783 | D:10     | Lost mutation: Your flesh is heat resistant. (rF+) [potion
                  | of mutation]
 69783 | D:10     | Lost mutation: You passively map a small area around you.
                  | [potion of mutation]
 69783 | D:10     | Gained mutation: Armour fits poorly on your strangely
                  | shaped body. [potion of mutation]
 69783 | D:10     | Gained mutation: You passively dampen the noise of your
                  | surroundings. [potion of mutation]
 69784 | D:10     | Lost mutation: Armour fits poorly on your strangely shaped
                  | body. [potion of mutation]
 69784 | D:10     | Lost mutation: You passively dampen the noise of your
                  | surroundings. [potion of mutation]
 69784 | D:10     | Gained mutation: Your flesh is heat resistant. (rF+)
                  | [potion of mutation]
 69784 | D:10     | Gained mutation: Your muscles are strong. (Str +4, Int/Dex
                  | -1) [potion of mutation]
 70030 | Vaults:5 | Entered Level 5 of the Vaults
 70033 | Vaults:5 | Noticed an ancient lich
 70229 | Vaults:4 | Killed an ancient lich
 71108 | Vaults:5 | Identified the +2 leather armour of the Ant {Regen+}
 71145 | Vaults:5 | Identified the +5 plate armour "Semuoko" {Harm rN+++ Int-3
                  | Dex+3}
 71409 | Vaults:5 | Identified the +10 shortbow "Antol" {drain, Str+3}
 71809 | Vaults:5 | Received a gift from Trog
 71845 | Vaults:5 | Noticed an ancient lich
 71858 | Vaults:5 | Killed an ancient lich
 71862 | Vaults:5 | Identified the +5 ring mail of the Zealous Dolphin {rN+}
 72072 | Vaults:5 | Got a silver rune of Zot
 72120 | Vaults:5 | Reached skill level 24 in Fighting
 73015 | Zot:1    | Entered Level 1 of the Realm of Zot
 73369 | Zot:1    | Reached XP level 25. HP: 238/245 MP: 22/22
 73411 | Zot:1    | Received a gift from Trog
 73587 | Zot:1    | Found a runed translucent gate.
 73588 | Zot:1    | Found a runed translucent gate.
 73589 | Zot:1    | Found a runed translucent gate.
 73595 | Zot:1    | Noticed Pet Giop's ghost (veteran OgBe)
 74406 | Zot:1    | Killed Pet Giop's ghost
 74693 | Zot:2    | Found the +27 heavy crossbow "Sniper" {heavy, Acc+∞ SInv}
 75497 | Zot:2    | Received a gift from Trog
 77094 | Zot:3    | Received a gift from Trog
 77660 | Zot:3    | Reached skill level 25 in Fighting
 78072 | Zot:3    | Reached skill level 1 in Unarmed Combat
 78370 | Zot:3    | Reached XP level 26. HP: 258/258 MP: 22/22
 79415 | Zot:4    | Received a gift from Trog
 79963 | Zot:4    | Found a transporter.
 79965 | Zot:4    | Found a transporter.
 79969 | Zot:4    | Found a transporter.
 80096 | Zot:4    | Found a transporter.
 80699 | Zot:5    | Entered Level 5 of the Realm of Zot
 80840 | Zot:5    | Identified the +3 war axe "Heyxkup" {flame, *Slow rElec
                  | Stlth+} (Trog gifted it to you on level 5 of the Realm of
                  | Zot)
 80840 | Zot:5    | Received a gift from Trog
 81250 | Zot:5    | Reached skill level 5 in Unarmed Combat
 81257 | Zot:5    | Noticed a dread lich
 81261 | Zot:5    | Noticed an ancient lich
 81268 | Zot:5    | Killed a dread lich
 81278 | Zot:5    | Killed an ancient lich
 81284 | Zot:5    | Noticed an orb of fire
 81290 | Zot:5    | Killed an orb of fire
 81309 | Zot:5    | Noticed an orb of fire
 81380 | Zot:5    | Killed an orb of fire
 81998 | Zot:5    | Noticed an orb of fire
 82005 | Zot:5    | Killed an orb of fire
 82008 | Zot:5    | Noticed an ancient lich
 82019 | Zot:5    | Killed an ancient lich
 82031 | Zot:5    | Reached XP level 27. HP: 268/268 MP: 7/22
 82081 | Zot:5    | Reached skill level 26 in Fighting
 82147 | Zot:5    | Noticed an ancient lich
 82160 | Zot:5    | Killed an ancient lich
 82196 | Zot:5    | Received a gift from Trog
 82683 | Zot:5    | Got the Orb of Zot
 82687 | Zot:5    | Noticed Ofaohux the pandemonium lord
 82700 | Zot:5    | Killed Ofaohux the pandemonium lord
 83046 | Depths:3 | Noticed Suson the pandemonium lord
 83076 | Depths:3 | Killed Suson the pandemonium lord
 83198 | D:12     | Noticed a seraph
 83216 | D:12     | Killed a seraph
 83310 | D:8      | Noticed Teschogim the pandemonium lord
 83317 | D:8      | Killed Teschogim the pandemonium lord
 83530 | D:$      | Escaped with the Orb!

Illustrated notes

Levels and vault maps discovered:
D:1:      giann_forest_graveyard, layout_basic
D:2:      layout_loops_ring, st_stairs_14
D:3:      layout_basic, vehumet_altar_wand_db, lightli_temple_of_fire,
          cheibrodos_gnoll_hut
D:4:      layout_cave_pools, mainiacjoe_overflow_alcove_1,
          chequers_serial_rivers_micro_c
D:5:      layout_basic, okawaru_ov_weapons_minmay,
          mainiacjoe_overflow_concentric_impassable, grunt_temple_overflow_open,
          uniq_blork_the_orc, uniq_sigmund, uniq_menkaure
D:6:      layout_rooms, mainiacjoe_overflow_small_starburst,
          minmay_temple_entry_trees, uniq_eustachio
D:7:      layout_layer_cave, kennysheep_little_box, minitemple
D:8:      layout_layer_cave, lemuel_round_altar, enter_ossuary_3,
          dreamdust_gnoll_shepherd
D:9:      minmay_slanted_spiral_squares, layout_stronghold,
          nicolae_hepliaklqana_hippocampus, enter_bailey_6,
          serial_co_window_serial, co_window_paths_a,
          co_window_of_opportunity_a, co_window_corner_a, co_window_paths_a,
          co_window_paths_a, co_window_of_opportunity_a,
          co_window_of_opportunity_a, co_window_broadway_c,
          co_window_of_opportunity_c, co_window_corner_b, co_window_corner_cb,
          glass_columns_b, glass_columns_b
D:10:     layout_rooms, orc_0_dummy,
          ploomutoo_gammafunk_ghost_potion_laboratory, uniq_sonja, uniq_lodul
D:11:     layout_basic, david_lair_shrubbed, serial_shops, shop,
          minmay_lizard_king, uniq_nergalle
D:12:     layout_basic, serial_shops, shop, hangedman_decor_slide_cut,
          glass_columns_b
D:13:     layout_loops_ring, fedhas_bush_and_centaur_altar
D:14:     layout_basic, grunt_vaults_entry_fortified, lemuel_blue_sif_altar,
          uniq_agnes, uniq_louise
D:15:     grunt_enter_depths_hoard, layout_cross
Lair:1:   layout_chaotic_city, beast_lair_carwin_3, infiniplex_staircase_pool,
          lemuel_fruit_tree, serial_bayou_shore_b, serial_bayou_shore_a
Lair:2:   layout_gridlike, minmay_shoals_entry_beasts, minivault_25
Lair:3:   layout_gridlike, nicolae_spider_entry_tight_spaces
Lair:4:   layout_hall_layers, nicolae_slime_entry_slimehenge
Lair:5:   due_jungle_book, layout_loops_ring, portal_ice_cave_entry_pillars_2,
          cheibrodos_lair_lostbears, grunt_megastairs_5,
          infiniplex_staircase_pool_2
Shoals:1: layout_shoals, gammafunk_ghost_cemetery, nicolae_shoals_c_island
Shoals:2: layout_shoals, st_cyclops
Shoals:3: layout_shoals
Shoals:4: shoals_end_grunt_ice, layout_shoals
Spider:1: layout_spider_delve, hangedman_spider_tarantella_strand,
          uniq_asterion, uniq_donald, uniq_josephine
Spider:2: layout_cave_pods, nicolae_spider_paper_wasps,
          nicolae_spider_cling_halls
Spider:3: nicolae_spider_hall_of_the_moth_king
Spider:4: hellmonk_spider_rune_endless_swarm, uniq_arachne, uniq_nikola
Slime:1:  layout_caves
Slime:2:  layout_caves
Slime:3:  layout_caves
Slime:4:  layout_caves
Slime:5
Orc:1:    layout_caves, hangedman_minor_magic
Orc:2:    st_orc_elflike, layout_diamond_mine, minmay_orc_keep
Elf:1:    nicolae_elf_arrival_no_cutting_in_line, layout_geoelf_octagon,
          serial_shops, nicolae_shop_crystal, shop, hangedman_elf_represent,
          hangedman_elf_simple_split, minmay_shop_star
Elf:2:    nicolae_elf_blades_crystal_corner, layout_loops_corners, special_room
          [special_room_mythical_zoo], nicolae_rare_books, due_unseen_surprise
Elf:3:    grunt_elf_hall_diamonds, layout_loops_ring
Vaults:1: dpeg_vaults_monster_box, v_alt_pattern_5, v_pattern_5,
          nicolae_vaults_an_arrangement, nicolae_vaults_layer_cake_slice,
          nicolae_vaults_border_crossing, ontoclasm_vaults_fault,
          ontoclasm_vaults_hangar, nicolae_vaults_tetromino_L_2,
          layout_vaults_quadrants, nicolae_trove_entry_columns
Vaults:2: portal_desolation_entry_holy_temple,
          nicolae_vaults_doubleplus_tesselated, v_alt_pattern_6,
          minmay_crypt_entry_vampire_xt, ontoclasm_vaults_decontamination,
          ontoclasm_vaults_water_temple, hangedman_vaults_cutoff,
          nicolae_vaults_house_3, nicolae_vaults_specimen_jars,
          hangedman_vaults_river_flow, grunt_vaults_hallway_long,
          nicolae_vaults_storage_closets_1, grunt_vaults_focal, v_misc_26,
          layout_vaults_omnibox
Vaults:3: nicolae_vaults_network_quincunx
          [nicolae_vaults_network_quincunx_subvault,
          nicolae_vaults_network_quincunx_subvault,
          nicolae_vaults_network_quincunx_subvault,
          nicolae_vaults_network_quincunx_subvault,
          nicolae_vaults_network_quincunx_subvault],
          nicolae_vaults_storing_the_good_stuff, hangedman_vaults_impose,
          v_rooms_2, v_misc_17, nicolae_vaults_trapezoid_lopsided_3,
          vaults_dpeg_ring, nicolae_vaults_storage_closets_2,
          nicolae_vaults_theta, v_misc_13, layout_vaults_maze_bifur,
          serial_shops, nicolae_diamond_shop
Vaults:4: st_greater_box_1, vaults_room_boxed, nicolae_vaults_turnstiles,
          nicolae_vaults_more_shelving_1, nicolae_vaults_little_squares_3,
          nicolae_vaults_windows_and_doors_thing,
          nicolae_vaults_trapezoid_layered, layout_vaults_chaotic_city
Vaults:5
Depths:1: layout_cave_pools, minmay_misc_feat_iff, grunt_hell_horde,
          grunt_ministairs_3, eino_tiny_chamber, serial_bayou_ford_a,
          guppyfry_shop_earth
Depths:2: minmay_the_grid_plus_closed [minmay_the_grid_airy,
          minmay_the_grid_paths, minmay_the_grid_pillar_ring,
          minmay_the_grid_tri_star, minmay_the_grid_prize_trominoes],
          layout_gridville, minmay_misc_feat_nine_boxes, rand_demon_pan_entry_3,
          grunt_hell_entry_dis_old, corexii_mini_fake_secret_closet,
          item_on_display_a, uniq_vv, uniq_mara, uniq_josephina
Depths:3: minmay_shoctagon, layout_cave_shapes, pf_coc_iceberg,
          abyss_entry_glasseish, st_stairs_6
Depths:4: grunt_crosshair, layout_small_grid, enter_ziggurat_f, hell_entry,
          serial_shops, shop, chequers_serial_rivers_small_3, laboratory,
          grunt_megastairs_3
Zot:1:    kennysheep_bubbly, layout_twisted_circle, gammafunk_ghost_ooze
Zot:2:    infiniplex_zot_generator, layout_gridlike
Zot:3:    layout_cathedral_of_symmetry
Zot:4:    layout_onion, nicolae_transporter_circle
Zot:5:    layout_basic, st_stairs_3

Skill      XL: |  1  2  3  4  5  6  7  8  9 10 11 12 13 14 15 16 17 18 19 20 21 22 23 24 25 26 27 |
---------------+----------------------------------------------------------------------------------+-----
Axes           | 4 6 8 9 11 12 13 16 17 18 19 | 19.0
Fighting       | 4 5 6 8 10 12 13 14 15 16 18 19 20 21 23 24 25 26 | 26.2
Armour         | 4 5 6 8 10 11 13 14 15 16 18 19 20 21 22 23 24 | 24.2
Stealth        | 2 3 6 8 9 10 11 12 | 12.0
Dodging        | 3 4 5 7 8 9 11 12 13 15 16 17 18 | 18.2
Evocations     | 3 6 7 8 9 10 12 13 14 15 16 | 16.0
Ranged Weapons | 2 4 5 8 |  8.0
Throwing       | 1 4 6 8 9 11 12 13 14 15 18 19 21 22 | 22.0
Shields        | 8 9 10 15 16 17 18 19 | 19.3
Unarmed Combat | 2 7 8 |  8.1

Action                     |  1- 3 |  4- 6 |  7- 9 | 10-12 | 13-15 | 16-18 | 19-21 | 22-24 | 25-27 || total
---------------------------+-------+-------+-------+-------+-------+-------+-------+-------+-------++-------
  Melee: Hand axe          |    72 |   100 |   234 |    42 |       |       |       |       |       ||   448
         Headbutt          |    10 |    16 |    43 |   119 |   181 |   187 |   245 |   315 |   223 ||  1339
         Punch             |     1 |       |     2 |     5 |     5 |       |       |       |       ||    13
         War axe           |       |       |       |   459 |    81 |       |       |       |       ||   540
         Broad axe         |       |       |       |       |   580 |   867 |   950 |  1183 |   862 ||  4442
         Battleaxe         |       |       |       |       |   165 |       |       |       |       ||   165
   Fire: Sling             |       |    23 |       |       |    59 |    40 |       |       |       ||   122
         Shortbow          |       |     8 |   114 |    30 |       |       |       |       |       ||   152
         Longbow           |       |       |       |   108 |   196 |       |       |       |       ||   304
         Arbalest          |       |       |       |       |   114 |       |       |       |       ||   114
  Throw: Dart              |       |     1 |     5 |     8 |    21 |   276 |     3 |     9 |    36 ||   359
         Boomerang         |       |       |       |       |    12 |   467 |   216 |   338 |   267 ||  1300
         Throwing net      |       |       |       |       |       |     1 |       |       |       ||     1
         Javelin           |       |       |       |       |       |       |       |    15 |    63 ||    78
 Invoke: Berserk           |     1 |     2 |       |     1 |       |       |     4 |     2 |     1 ||    11
         Trog's Hand       |       |       |     1 |     1 |     3 |     6 |       |     1 |     2 ||    14
         Brothers in Arms  |       |       |       |       |     1 |       |       |     1 |       ||     2
Ability: Evoke Blink       |       |       |       |       |       |       |       |       |     1 ||     1
  Evoke: Wand              |       |       |       |    11 |    18 |    34 |     5 |    19 |     5 ||    92
         Condenser vane    |       |       |       |       |     1 |     3 |     3 |     2 |     1 ||    10
         Phantom mirror    |       |       |       |       |     1 |       |     2 |       |       ||     3
         Phial of floods   |       |       |       |       |       |     1 |       |     1 |       ||     2
         Lightning rod     |       |       |       |       |       |       |       |     8 |       ||     8
    Use: Scroll            |       |       |    14 |    13 |     7 |     6 |     1 |    14 |     4 ||    59
         Potion            |       |       |       |     1 |     1 |     1 |     1 |     7 |     3 ||    14
   Stab: Sleeping          |       |       |       |     1 |     1 |     2 |     9 |     6 |       ||    19
         Distracted        |       |       |       |       |     1 |     1 |     1 |     4 |     1 ||     8
         Held in net/web   |       |       |       |       |       |     2 |       |       |       ||     2
         Confused          |       |       |       |       |       |       |       |       |     1 ||     1
 Armour: Leather armour    |    15 |    21 |     2 |       |       |       |       |       |       ||    38
         Robe              |       |       |    10 |       |       |       |       |       |       ||    10
         Steam dragon scal |       |       |    24 |       |       |       |       |       |       ||    24
         Ring mail         |       |       |    33 |     9 |       |       |       |       |       ||    42
         Scale mail        |       |       |       |   203 |   171 |       |       |       |       ||   374
         Chain mail        |       |       |       |       |   158 |   523 |    93 |       |       ||   774
         Fire dragon scale |       |       |       |       |       |     2 |       |       |       ||     2
         Pearl dragon scal |       |       |       |       |       |       |   300 |   551 |   433 ||  1284
  Dodge: Dodged            |    37 |    57 |   155 |   317 |   670 |   852 |   799 |   824 |   619 ||  4330
         Repelled          |       |       |       |       |       |       |       |    27 |    65 ||    92
  Block: Buckler           |       |       |       |       |    59 |   365 |   211 |       |       ||   635
         Reflection        |       |       |       |       |       |    15 |    26 |    25 |       ||    66
         Kite shield       |       |       |       |       |       |       |   125 |   876 |   611 ||  1612

Table legend: (Time is in decaauts)
 A = Elapsed time spent in this place.
 B = Non-inter-level travel time spent in this place.
 C = Inter-level travel time spent in this place.
 D = Time resting spent in this place.
 E = Time spent auto-exploring this place.
 F = Levels seen in this place.
 G = Mean time per level.
                   A        B        C        D        E       F      G
               +--------+--------+--------+--------+--------+-----+--------+
         Total |  83700 |  75700 |   8000 |    891 |  56453 |  57 | 1468.4 |
       Dungeon |  19998 |  17340 |   2658 |     11 |  13615 |  15 | 1333.2 |
          Lair |   8717 |   7371 |   1346 |    190 |   5413 |   5 | 1743.4 |
        Shoals |   6491 |   6140 |    351 |     19 |   4504 |   4 | 1622.8 |
   Spider Nest |   7894 |   7225 |    669 |    241 |   5489 |   4 | 1973.5 |
    Slime Pits |   2116 |   1982 |    134 |      0 |   1322 |   5 |  423.2 |
  Orcish Mines |   2330 |   1914 |    416 |      0 |   1355 |   2 | 1165.0 |
   Elven Halls |   4738 |   4453 |    285 |      0 |   3191 |   3 | 1579.3 |
        Vaults |  12179 |  11121 |   1058 |    361 |   8334 |   5 | 2435.8 |
        Depths |   5680 |   5312 |    368 |      0 |   4038 |   4 | 1420.0 |
           Zot |   9808 |   9098 |    710 |      0 |   7000 |   5 | 1961.6 |
         Trove |     83 |     83 |      0 |      0 |      5 |   1 |   83.0 |
       Ossuary |    264 |    264 |      0 |      0 |    135 |   1 |  264.0 |
        Bailey |    483 |    483 |      0 |      2 |    308 |   1 |  483.0 |
      Ice Cave |   1696 |   1696 |      0 |     64 |   1007 |   1 | 1696.0 |
    Desolation |   1217 |   1217 |      0 |      3 |    735 |   1 | 1217.0 |
               +--------+--------+--------+--------+--------+-----+--------+

Top non-repeatable levels by time:
Vaults:4: 3875 daAuts
   Zot:2: 3040 daAuts
Spider:1: 2856 daAuts
Vaults:1: 2714 daAuts
  Lair:5: 2606 daAuts
     D:9: 2137 daAuts
    D:14: 2128 daAuts
Spider:3: 2078 daAuts
   Zot:5: 1982 daAuts
Vaults:3: 1904 daAuts
Shoals:4: 1863 daAuts
Shoals:1: 1852 daAuts
Vaults:2: 1844 daAuts
Vaults:5: 1840 daAuts
     D:8: 1795 daAuts
